 Dungeon Crawl Stone Soup version 0.20.0-10-g0535bb4 (webtiles) character file.

980 Gorglomux the Covert (level 7, 0/55 HPs)
             Began as a Vampire Fire Elementalist on June 3, 2017.
             Killed from afar by an orc wizard (3 damage)
             ... with a puff of flame
             ... on level 6 of the Dungeon.
             The game lasted 00:11:36 (7582 turns).

Gorglomux the Covert (Vampire Fire Elementalist)    Turns: 7582, Time: 00:11:37

Health: 0/55       AC:  3    Str:  7    XL:     7   Next: 96%
Magic:  2/10       EV: 13    Int: 18    God:
Gold:   252        SH:  0    Dex: 16    Spells: 4/10 levels left

rFire    + . .     SeeInvis +   h - +0 dagger (curse)
rCold    . . .     Gourm    .   (no shield)
rNeg     + + .     Faith    .   a - +0 robe
rPois    +         Spirit   .   (no helmet)
rElec    .         Reflect  .   M - scarf {cloud immunity}
rCorr    .         Harm     .   U - +0 pair of gloves
MR       .....                  (no boots)
Stlth    +++++.....             (no amulet)
Regen    0.1/turn               N - ring of fire
MPRegen  0.2/turn               (no ring)

@: very slightly contaminated, regenerating slowly
A: fangs 3, see invisible, unbreathing
a: Bat Form


You were on level 6 of the Dungeon.
You were very thirsty.

You visited 1 branch of the dungeon, and saw 6 of its levels.

You collected 252 gold pieces.

Inventory:

Hand Weapons
 g - a +0 whip
 h - a cursed +0 dagger (weapon)
Armour
 a - a +0 robe (worn)
 M - a scarf of cloud immunity (worn)
 U - a +0 pair of gloves (worn)
Jewellery
 N - a ring of fire (left hand)
Scrolls
 i - 3 scrolls of immolation
 j - 2 scrolls of enchant armour {unknown}
 K - 2 scrolls of fog {unknown}
 L - a scroll of enchant weapon {unknown}
 Q - 3 scrolls of magic mapping {unknown}
 S - 4 scrolls of identify {unknown}
 T - a scroll of teleportation
 W - 2 scrolls of remove curse
 Y - 3 scrolls of amnesia
Potions
 c - 7 potions of blood
 f - 2 potions of haste {unknown}
 I - 2 potions of brilliance {unknown}
 O - a potion of resistance {unknown}
 P - 4 potions of curing {unknown}
 R - a potion of cancellation {unknown}
 V - 2 potions of mutation {unknown}
 X - a potion of flight {unknown}
 Z - 2 potions of heal wounds {unknown}
Books
 b - a book of Flames

   Spells                             Type                      Level
   a - Flame Tongue                   Conjuration/Fire             1
   b - Throw Flame                    Conjuration/Fire             2
   c - Conjure Flame                  Conjuration/Fire             3
   d - Inner Flame                    Hexes/Fire                   3
   e - Sticky Flame                   Conjuration/Fire             4
   f - Fireball                       Conjuration/Fire             5
 J - a book of Callings

   Spells                             Type                      Level
   a - Summon Small Mammal            Summoning                    1
   b - Call Imp                       Summoning                    2
   c - Call Canine Familiar           Summoning                    3
   d - Summon Guardian Golem          Hexes/Summoning              3
   e - Summon Lightning Spire         Summoning/Air                4
   f - Summon Ice Beast               Ice/Summoning                4


   Skills:
 + Level 4.6 Fighting
 + Level 5.4 Short Blades
 - Level 2.1 Dodging
 + Level 8.9 Stealth
 - Level 2.0 Spellcasting
 - Level 0.6 Conjurations
 - Level 2.4 Fire Magic


You had 4 spell levels left.
You knew the following spells:

 Your Spells              Type           Power        Failure   Level  Hunger
a - Flame Tongue          Conj/Fire      ##...        10%         1    #......
b - Throw Flame           Conj/Fire      ##....       14%         2    ###....
j - Conjure Flame         Conj/Fire      ##......     28%         3    ###....


Dungeon Overview and Level Annotations

Branches:
Dungeon (6/15)
 Temple: D:4-7

Altars:

Shops:
D:5 =


Innate Abilities, Weirdness & Mutations

You heal slowly.
You have razor-sharp teeth.
You have supernaturally acute eyesight. (SInv)
You can survive without breathing.


Message History

You hit the orc wizard but do no damage.
The orc wizard is lightly wounded.
The orc wizard hits you with a dagger.
You bump into the rock wall.
You feel less confused. The orc wizard casts a spell at you.
The puff of flame hits you! You resist.
* * * LOW HITPOINT WARNING * * *
You fail to use your ability.
The orc wizard points at you and mumbles some strange words.
The puff of flame hits you! You resist.
* * * LOW HITPOINT WARNING * * *
The orc wizard casts a spell at you. The magic dart hits you!
* * * LOW HITPOINT WARNING * * *
The orc wizard gestures at you while chanting.
You easily resist.
The orc wizard points at you and mumbles some strange words.
The puff of flame hits you! You resist.
You die...

#...#########.....#
#........?)........
#.......###........
#.......# #........
#.......# #........
#...o...# #........
###o....# #........
#.....# #...o....
#@....# #........
#.....# #........
#.##### #.# #.#
##### #.# #...#
####### #.####...#
#...... #.#.('.<.#
#......
#.#.##...###......


You could see an orc wizard (invisible) and an orc.

Vanquished Creatures
  Eustachio (D:5)
  An ice beast (D:4)
  A phantom (D:4)
  A sky beast (D:6)
  An ogre (D:5)
  A bullfrog (D:6)
  A scorpion (D:4)
  2 orc priests
  An iguana (D:4)
  5 worker ants
  2 hound zombies (D:5)
  An adder (D:4)
  An ooze (D:2)
  An adder zombie (D:6)
  3 adder skeletons
  A worm (D:2)
  4 dart slugs
  5 leopard geckos
  17 orcs
  2 ball pythons
  2 giant cockroaches
  5 goblins
  7 hobgoblins
  4 jackals
  4 quokkas
  6 bats
  2 frilled lizards
  4 kobolds
  A quokka skeleton (D:5)
  6 rats
93 creatures vanquished.

Notes
Turn   | Place    | Note
-------+----------+-------------------------------------------
     0 | D:1      | Gorglomux the Vampire Fire Elementalist began the quest for the Orb.
     0 | D:1      | Reached XP level 1. HP: 13/13 MP: 3/3
   194 | D:1      | Reached XP level 2. HP: 5/20 MP: 1/5
   543 | D:1      | HP: 1/20 [jackal (1)]
   877 | D:1      | Reached skill level 4 in Stealth
  1008 | D:1      | Reached skill level 1 in Fighting
  1080 | D:1      | Learned a level 2 spell: Throw Flame
  1285 | D:1      | Reached XP level 3. HP: 20/26 MP: 4/6
  1513 | D:2      | Reached skill level 1 in Short Blades
  1518 | D:2      | Learned a level 3 spell: Conjure Flame
  2673 | D:2      | Reached skill level 5 in Stealth
  3109 | D:3      | Reached XP level 4. HP: 32/32 MP: 7/7
  3669 | D:4      | Reached XP level 5. HP: 34/38 MP: 8/8
  4179 | D:4      | Reached skill level 3 in Short Blades
  4179 | D:4      | Reached skill level 6 in Stealth
  4283 | D:4      | Noticed an ice beast
  4295 | D:4      | Killed an ice beast
  4295 | D:4      | Reached skill level 3 in Fighting
  4295 | D:4      | Reached XP level 6. HP: 17/47 MP: 2/9
  4586 | D:4      | Reached skill level 7 in Stealth
  4967 | D:5      | Entered Level 5 of the Dungeon
  5560 | D:5      | Found Wuydapueg's Jewellery Shoppe.
  5563 | D:5      | Reached XP level 7. HP: 39/53 MP: 0/10
  5803 | D:5      | Noticed Eustachio
  5808 | D:5      | Killed Eustachio
  5808 | D:5      | Reached skill level 8 in Stealth
  7582 | D:6      | Killed from afar by an orc wizard

Skill      XL: |  1  2  3  4  5  6  7 |
---------------+----------------------+-----
Stealth        | 4 5 6 7 8 |  8.9
Fighting       | 1 2 3 4 |  4.6
Short Blades   | 1 2 3 4 5 |  5.4
Dodging        | |  2.1
Spellcasting   | |  2.0
Conjurations   | |  0.6
Fire Magic     | |  2.4

Action                   |  1- 3 |  4- 6 |  7- 9 || total
-------------------------+-------+-------+-------++-------
Melee: Dagger            |   132 |    54 |    85 ||   271
       Unarmed           |     4 |       |       ||     4
       Bite              |     9 |     4 |     6 ||    19
       Whip              |     8 |       |       ||     8
 Cast: Flame Tongue      |    39 |    39 |    41 ||   119
       Throw Flame       |     2 |     4 |       ||     6
       Conjure Flame     |       |     1 |       ||     1
 Abil: End Transformatio |       |     5 |     3 ||     8
       Bat Form          |       |     5 |     3 ||     8
  Use: Scroll            |     2 |     2 |       ||     4
       Potion            |     3 |     4 |     4 ||    11
 Stab: Sleeping          |    11 |    12 |     5 ||    28
       Distracted        |     1 |       |     1 ||     2
Armor: Robe              |    24 |     8 |    11 ||    43
Dodge: Dodged            |   104 |    55 |    59 ||   218
